 Dungeon Crawl Stone Soup version 0.21.1-1-g345015fe64 (webtiles) character file.

963 Gargoyl the Chopper (level 7, 0/60 HPs)
             Began as a Centaur Abyssal Knight on July 5, 2018.
             Was a Believer of Lugonu.
             Succumbed to a gnoll sergeant's poison
             ... on level 4 of the Dungeon.
             The game lasted 00:07:27 (5302 turns).

Gargoyl the Chopper (Centaur Abyssal Knight)        Turns: 5302, Time: 00:07:28

Health: 0/60       AC: 12    Str: 15    XL:     7   Next: 92%
Magic:  10/10      EV:  2    Int: 11    God:    Lugonu [**....]
Gold:   330        SH:  0    Dex: 10    Spells: 6/6 levels left

rFire    . . .     SeeInvis .   a - +3 hand axe
rCold    . . .     Gourm    .   (no shield)
rNeg     . . .     Faith    .   i - +0 plate armour
rPois    .         Spirit   .   t - +0 helmet
rElec    .         Reflect  .   s - +0 cloak
rCorr    .         Harm     .   (no gloves)
MR       +....                  (no barding)
Stlth    ..........             (no amulet)
HPRegen  0.20/turn              (no ring)
MPRegen  0.12/turn              u - ring of protection from magic

@: lethally poisoned (0 -> -69), very quick
A: large, hooves 3, deformed body, speed 2, tough skin 3
a: Depart the Abyss, Bend Space, Renounce Religion


You were on level 4 of the Dungeon.
You worshipped Lugonu.
Lugonu was pleased with you.
You were not hungry.

You visited 1 branch of the dungeon, and saw 5 of its levels.
You visited the Abyss 1 time.

You collected 330 gold pieces.

Inventory:

Hand Weapons
 a - a +3 hand axe (weapon)
Armour
 i - a +0 plate armour (worn)
 s - a +0 cloak (worn)
 t - a +0 helmet (worn)
Jewellery
 n - an uncursed amulet of guardian spirit
 u - a ring of protection from magic (right hand)
Wands
 e - a wand of digging (20)
 o - a wand of flame (33)
Scrolls
 b - 2 scrolls of teleportation
 g - a scroll of fog
 j - 2 scrolls of identify
Potions
 f - a potion of flight {unknown}
 h - a potion of lignification {unknown}
 l - a potion of invisibility {unknown}
 m - 2 potions of degeneration {unknown}
 v - a potion of agility
Comestibles
 c - 9 rations


   Skills:
 + Level 4.3 Fighting
 + Level 4.9 Axes
 * Level 4.3 Armour
 + Level 0.9 Dodging
 * Level 4.6 Invocations


You had 6 spell levels left.
You didn't know any spells.

Dungeon Overview and Level Annotations

Branches:
Dungeon (5/15)
 Temple: D:4-7

Altars:
Dithmenos
Gozag


Innate Abilities, Weirdness & Mutations

You have hooves in place of feet.
Armour fits poorly on your strangely shaped body.
You cover ground very quickly.
You have extremely tough skin. (AC +3)


Message History

You feel very sick.
The gnoll sergeant hits you with a spear of venom!
You are more poisoned.
You closely miss the gnoll sergeant.
The gnoll sergeant is almost dead.
* * * LOW HITPOINT WARNING * * *
You feel very sick.
The gnoll sergeant hits you with a spear of venom.
* * * LOW HITPOINT WARNING * * *
You are more poisoned.
The gnoll sergeant hits you with a spear of venom.
* * * LOW HITPOINT WARNING * * *
You are more poisoned.
You slash the gnoll sergeant!
You kill the gnoll sergeant!
Lugonu accepts your kill.
* * * LOW HITPOINT WARNING * * *
You feel extremely sick.
Unknown command.
You die...

#........#
######'### ...#
#.# ...# #.# ...#
#.# ...# #.#
...###.###########
......>.........>#
######.#####.###@#
######.#####.###.#
.................#
.........###.#####
.........# #.#
.........# #.#
.........# #.#
.........# #.#
.........# #.#


There were no monsters in sight!

Vanquished Creatures
  The ghost of zuik the Digger, an amateur OpEE (D:3)
  Menkaure (D:4)
  An ogre (D:4)
  A gnoll sergeant (D:4)
  A scorpion (D:4)
  3 orc priests
  A centaur skeleton (D:4)
  Terence (D:3)
  3 orc wizards
  Natasha (thrice) (D:4)
  Robin (D:4)
  4 gnolls (D:4)
  4 adders
  An adder skeleton (D:4)
  An ooze (D:4)
  2 dart slugs
  7 leopard geckos
  10 orcs
  3 giant cockroaches
  16 goblins
  6 hobgoblins
  2 jackals (D:4)
  2 quokkas
  A ball python (D:2)
  A bat (D:1)
  A frilled lizard (D:4)
  A jackal skeleton (D:4)
  6 kobolds
  10 rats
95 creatures vanquished.

Notes
Turn   | Place    | Note
-------+----------+-------------------------------------------
     0 | Abyss:1  | Gargoyl the Centaur Abyssal Knight began the quest for the Orb.
     0 | Abyss:1  | Reached XP level 1. HP: 19/19 MP: 2/2
   112 | Abyss:2  | Noticed a neqoxec
   120 | Abyss:2  | Noticed a ynoxinul
   124 | Abyss:2  | Noticed a crimson imp
   124 | Abyss:2  | Noticed a quasit
   133 | D:1      | Escaped the Abyss
   227 | D:1      | Reached * piety under Lugonu
   263 | D:1      | Reached XP level 2. HP: 21/26 MP: 3/3
  1347 | D:2      | Reached XP level 3. HP: 30/31 MP: 4/4
  1517 | D:2      | Found an opulent altar of Gozag.
  2026 | D:3      | Reached XP level 4. HP: 26/38 MP: 5/5
  2272 | D:3      | Reached XP level 5. HP: 29/45 MP: 7/7
  2588 | D:3      | Noticed Terence
  2606 | D:3      | Killed Terence
  2845 | D:3      | Found a faded altar of an unknown god.
  2936 | D:3      | Reached ** piety under Lugonu
  3061 | D:3      | Noticed zuik's ghost (amateur OpEE)
  3086 | D:3      | Killed zuik's ghost
  3086 | D:3      | Reached XP level 6. HP: 24/52 MP: 7/9
  3644 | D:4      | Noticed Natasha
  3647 | D:4      | Killed Natasha
  3778 | D:4      | Noticed Natasha
  3785 | D:4      | Killed Natasha
  3785 | D:4      | Reached XP level 7. HP: 56/58 MP: 10/10
  3897 | D:4      | Noticed Menkaure
  3905 | D:4      | Killed Menkaure
  4409 | D:4      | Noticed Natasha
  4419 | D:4      | Killed Natasha
  4616 | D:4      | Noticed Robin
  4634 | D:4      | Killed Robin
  4697 | D:4      | Found a shadowy altar of Dithmenos.
  4821 | D:5      | Entered Level 5 of the Dungeon
  5301 | D:4      | HP: 3/60 [poisoned by a gnoll sergeant]
  5302 | D:4      | Succumbed to a gnoll sergeant's poison

Skill      XL: |  1  2  3  4  5  6  7 |
---------------+----------------------+-----
Axes           | 2 3 4 |  4.9
Armour         | 2 3 4 |  4.3
Invocations    | 3 4 |  4.6
Fighting       | 4 |  4.3
Dodging        | |  0.9

Action                   |  1- 3 |  4- 6 |  7- 9 || total
-------------------------+-------+-------+-------++-------
Melee: Hand axe          |    81 |   124 |   136 ||   341
       Kick              |     6 |    28 |    27 ||    61
Invok: Depart the Abyss  |     1 |       |       ||     1
  Use: Potion            |     1 |     2 |     4 ||     7
       Scroll            |     5 |     5 |     2 ||    12
  Eat: Chunk             |     1 |     3 |     3 ||     7
       Ration            |       |     1 |     1 ||     2
Armor: Chain mail        |    33 |       |       ||    33
       Plate armour      |    27 |    72 |   115 ||   214
Dodge: Dodged            |    16 |     5 |    21 ||    42
